 Dungeon Crawl Stone Soup version 0.29-a0-495-g17b79114eb (webtiles) character file.

Game seed: 4697135279563714274

16139 Sobieck the Fighter (level 12, -3/81 HPs)
             Began as a Kobold Berserker on May 27, 2022.
             Was an Elder of Trog.
             Slain by a minotaur
             ... wielding a staff of conjuration
              (21 damage)
             ... in a Gauntlet.
             The game lasted 00:42:03 (13430 turns).

Sobieck the Fighter (Kobold Berserker)             Turns: 13430, Time: 00:42:04

Health: -3/81      AC: 25    Str: 22    XL:     12   Next: 66%
Magic:  12/12      EV: 23    Int:  8    God:    Trog [****..]
Gold:   969        SH:  0    Dex: 27    Spells: 11/11 levels left

rFire   + . .      SeeInvis .   a - +2 dagger (venom) {short}
rCold   . . .      Faith    .   (no shield)
rNeg    . . .      Spirit   .   v - +4 chain mail {rF+}
rPois   .          Reflect  .   M - +2 helmet
rElec   .          Harm     .   D - +0 cloak of the Spider Nest {Dex+6}
rCorr   .          Rampage  .   S - +2 pair of gloves {Dex+3}
Will    ++...      NoTele   +   Y - +2 pair of boots
Stlth   ++++......              H - amulet of regeneration {@e2}
HPRegen 2.03/turn               O - +6 ring of strength
MPRegen 0.13/turn               N - +4 ring of evasion

@: strong-willed, on berserk cooldown, regenerating
A: small, no large weapons, nightstalker 3
a: Renounce Religion, Berserk, Trog's Hand, Brothers in Arms


You were in a Gauntlet.
You worshipped Trog.
Trog was greatly pleased with you.
You visited 1 branch of the dungeon, and saw 11 of its levels.
You also visited: Ossuary and Gauntlet.

You collected 1194 gold pieces.
You spent 225 gold pieces at shops.


Innate Abilities, Weirdness & Mutations

You are small and have problems with some larger weapons.
You are completely attuned to the shadows.


   Skills:
 - Level 12.0 Fighting
 - Level 10.0 Short Blades
 + Level 7.0 Armour
 + Level 11.1 Dodging
 - Level 12.0 Stealth
 - Level 5.0 Evocations


You had 11 spell levels left.
You didn't know any spells.
Your spell library contained the following spells:

 Spells                   Type           Power      Damage    Failure   Level
 Apportation              Tloc           0%         N/A       97%         1
 Magic Dart               Conj           0%         1d3       97%         1
 Searing Ray              Conj           0%         2d4       99%         2
 Fulminant Prism          Conj/Hex       0%         3d6       100%        4
 Olgreb's Toxic Radiance  Pois           0%         N/A       100%        4
 Alistair's Intoxication  Tmut/Pois      0%         N/A       100%        5
 Ozocubu's Refrigeration  Ice            0%         4d5       100%        7
 Ignition                 Fire           0%         3d3       100%        8

Inventory:

Hand Weapons
 a - a +2 dagger of venom (weapon) {short}
   (You took it off a goblin on level 3 of the Dungeon)
 b - a +0 vorpal hand crossbow {crossbow}
   (You took it off a kobold on level 4 of the Dungeon)
 m - a +0 rapier {short}
   (You found it on level 6 of the Dungeon)
 y - the +9 trident of Isafrin {speed, Fly rC- Int+8 Dex+4, polearm}
   (You found it on level 11 of the Dungeon)

   Attacks with this weapon are significantly faster.
   Int:       It affects your intelligence (+8).
   Dex:       It affects your dexterity (+4).
   rC:        It makes you vulnerable to cold.
   Fly:       It grants you flight.
Missiles
 g - 15 poisoned darts (quivered) {throwing}
 o - 332 stones {throwing}
 u - 5 boomerangs {throwing}
 w - 2 atropa-tipped darts {throwing}
 A - 5 silver boomerangs {throwing}
Armour
 v - a +4 chain mail of fire resistance (worn)
   (You found it on level 9 of the Dungeon)
 z - a +0 plate armour
   (You took it off an orc warrior on level 7 of the Dungeon)
 D - the +0 cloak of the Spider Nest (worn) {Dex+6}
   (You found it in a Gauntlet)

   Dex:       It affects your dexterity (+6).
 M - a +2 helmet (worn)
   (You found it on level 4 of the Dungeon)
 P - a +0 robe
   (You took it off an orc wizard on level 8 of the Dungeon)
 Q - a +0 chain mail
   (You took it off an orc warrior on level 8 of the Dungeon)
 S - a +2 pair of gloves of dexterity (worn)
   (You bought it in a shop on level 8 of the Dungeon)
 V - a +0 robe
   (You found it on level 8 of the Dungeon)
 W - a +0 chain mail
   (You took it off an orc priest on level 8 of the Dungeon)
 Y - a +2 pair of boots (worn)
   (You found it on level 5 of the Dungeon)
 Z - a +0 ring mail
   (You took it off an orc on level 8 of the Dungeon)
Jewellery
 n - a ring of resist corrosion
   (You found it on level 8 of the Dungeon)
 C - an amulet of magic regeneration {@e2}
   (You took it off an orc wizard on level 9 of the Dungeon)
 H - an amulet of regeneration (around neck) {@e2}
   (You found it on level 4 of the Dungeon)
 N - a +4 ring of evasion (right hand)
   (You found it on level 6 of the Dungeon)
 O - a +6 ring of strength (left hand)
   (You found it on level 4 of the Dungeon)
Wands
 d - a wand of flame (6)
   (You found it on level 8 of the Dungeon)
 p - a wand of polymorph (5)
   (You took it off an orc on level 9 of the Dungeon)
 J - a wand of paralysis (6)
   (You found it on level 10 of the Dungeon)
Scrolls
 c - a scroll of fog
 e - 6 scrolls of identify {@r1}
 f - a scroll of fear
 j - a scroll of brand weapon
 l - 5 scrolls of noise {!r}
 q - 5 scrolls of vulnerability {!r!r}
 r - 2 scrolls of poison {!r}
 t - a scroll of immolation {!r!r}
 F - 6 scrolls of teleportation {@r4}
 G - a scroll of blinking {!r}
 I - 5 scrolls of enchant weapon
Potions
 h - 3 potions of brilliance
 i - 2 potions of attraction {!q}
 k - 2 potions of magic
 s - 2 potions of berserk rage {!q}
 x - a potion of mutation {!q}
 B - a potion of resistance
 E - a potion of heal wounds {@q2}
 K - 3 potions of haste {@q3}
 L - 3 potions of curing {@q1}
 R - 3 potions of flight
 T - 6 potions of might
 U - 2 potions of invisibility
 X - a potion of cancellation

Dungeon Overview and Level Annotations

Branches:
Dungeon (11/15)            Temple (0/1) D:6            Lair (0/6) D:9
    Orc (0/2) D:9         Ossuary (visited)         Gauntlet (1/1)

Altars:
Nemelex Xobeh

Shops:
D:8 ?[(?

Portals:
Ice
Cave: D:11

Annotations:
Gauntlet 6 transporters, exclusion: oklob plant

8§#..#".# ..#..#©.#
8.#..#[.# ..# .#
..#..#..# #
#....##.8.#..#..#
..##.##......#..#...
#....##.##...#..####
#####....##.©.#≈.....
∩..H@.##......#∩.....
#####.##.##.©.#≈.....
#....##...#..####
#.##......#..#...
..##.##.8.#..#.#.
#...#..#..# 8.#..#[#.
..#..#©.# 8≈#..#.#.


You could see a minotaur (extremely poisoned).


Message History

Trog accepts your kill.
The harpy simulacrum closely misses you.
The harpy simulacrum claws you but does no damage.
You puncture the centaur warrior simulacrum!
The harpy simulacrum claws you but does no damage. x2
You puncture the centaur warrior simulacrum!
You punch the centaur warrior simulacrum.
The harpy simulacrum closely misses you.
The harpy simulacrum claws you but does no damage.
The centaur warrior simulacrum hits you but does no damage.
The centaur warrior simulacrum completely misses you.
You puncture the centaur warrior simulacrum!
Trog accepts your kill.
The harpy simulacrum closely misses you. x2
Training target 12.0 for Stealth reached!
Your Stealth skill increases to level 12!
You need to enable at least one skill for training.
Unknown command.
You puncture the harpy simulacrum! You puncture the harpy simulacrum!
The harpy simulacrum claws you but does no damage. x2
You hit the harpy simulacrum. Trog accepts your kill.
You barely miss the wolf spider simulacrum.
The wolf spider simulacrum closely misses you. x2
You barely miss the wolf spider simulacrum.
You hit the wolf spider simulacrum.
You puncture the wolf spider simulacrum!
The wolf spider simulacrum hits you but does no damage.
The wolf spider simulacrum misses you.
You puncture the wolf spider simulacrum!
You puncture the wolf spider simulacrum!
Trog accepts your kill.
You feel a strong urge to attack something.
You start resting.
You feel your anger nearly subside.
You are no longer berserk.
You are exhausted.
You feel yourself slow down.
F - 6 scrolls of teleportation {@r4} (gained 1)
There is a transporter here.
Your pack is full.
You see here the +2 helmet of Ixah {Str-5 Dex+4 SInv}.
Your pack is full.
You see here the +2 helmet of Ixah {Str-5 Dex+4 SInv}.
There is a transporter here.
You enter the transporter and appear at another place.
You start resting.
You feel the effects of Trog's Hand fading.
Unknown command.
Your skin stops crawling.
You feel less strong-willed.
You open the door.
A minotaur comes into view.
It is wielding a +0 arbalest of flaming and wearing the amulet of the Air {Inacc Air Fly rElec RMsl}.
Danger!
You're still recovering from your berserk rage.
Found 3 scrolls of blinking.
Found a gate leading back out of this place.
The minotaur bellows!
The minotaur unwields a +0 arbalest of flaming.
It stops flaming.
The minotaur wields a staff of conjuration.
The minotaur misses you. The minotaur gores you!
There is an open door, spattered with blood here.
You hit the minotaur but do no damage.
The minotaur is poisoned.
You hit the minotaur but do no damage.
The minotaur looks as sick as possible!
The minotaur closely misses you.
The minotaur gores you but does no damage.
You hit the minotaur but do no damage. You hit the minotaur but do no damage.
The minotaur looks as sick as possible!
The minotaur hits you with a staff of conjuration!!
The minotaur blasts you. The minotaur barely misses you.
You barely miss the minotaur.
The minotaur hits you with a staff of conjuration!
The minotaur completely misses you.
You hit the minotaur but do no damage.
The minotaur looks as sick as possible!
You feel yourself speed up. The minotaur completely misses you.
The minotaur gores you.
* * * LOW HITPOINT WARNING * * *
You hit the minotaur but do no damage.
Unknown command.
You hit the minotaur. The minotaur closely misses you.
The minotaur gores you but does no damage.
You hit the minotaur but do no damage.
The minotaur looks as sick as possible!
You hit the minotaur but do no damage.
The minotaur looks as sick as possible!
The minotaur hits you but does no damage.
The minotaur misses you.
You hit the minotaur but do no damage. You hit the minotaur but do no damage.
The minotaur looks as sick as possible!
The minotaur barely misses you.
The minotaur gores you but does no damage.
You hit the minotaur but do no damage.
The minotaur looks as sick as possible!
You hit the minotaur but do no damage.
The minotaur looks as sick as possible!
The minotaur hits you with a staff of conjuration!!
* * * LOW HITPOINT WARNING * * *
The minotaur gores you.
* * * LOW HITPOINT WARNING * * *
Unknown command.
Your skin crawls.
You feel strong-willed.
The minotaur hits you with a staff of conjuration!!
You die...

Skill      XL: |  1  2  3  4  5  6  7  8  9 10 11 12 |
---------------+-------------------------------------+-----
Short Blades   | 5 6 7 8 10 | 10.0
Dodging        | 3 5 7 8 9 11 | 11.1
Stealth        | 3 5 10 12 | 12.0
Fighting       | 4 5 6 8 9 10 12 | 12.0
Armour         | 3 4 5 7 |  7.0
Evocations     | 5 |  5.0

Action                   |  1- 3 |  4- 6 |  7- 9 | 10-12 || total
-------------------------+-------+-------+-------+-------++-------
Melee: Short sword       |    63 |   116 |       |       ||   179
       Dagger            |       |    89 |   401 |   940 ||  1430
       Punch             |       |     2 |     9 |    24 ||    35
 Fire: Hunting sling     |       |    56 |       |       ||    56
       Hand crossbow     |       |     6 |    51 |    31 ||    88
Throw: Dart              |       |       |     2 |     1 ||     3
Invok: Berserk           |     4 |     4 |     9 |    13 ||    30
       Brothers in Arms  |       |       |       |     2 ||     2
       Trog's Hand       |       |       |       |     2 ||     2
Evoke: Wand              |       |       |       |     3 ||     3
  Use: Scroll            |       |     8 |    20 |     5 ||    33
 Stab: Sleeping          |    13 |     3 |       |     2 ||    18
       Distracted        |       |     1 |       |     1 ||     2
Armor: Robe              |     8 |     5 |       |       ||    13
       Scale mail        |       |    36 |       |       ||    36
       Chain mail        |       |    23 |    51 |   115 ||   189
       Plate armour      |       |       |    46 |   186 ||   232
       Skin              |       |       |       |    10 ||    10
Dodge: Dodged            |    34 |   100 |   180 |   582 ||   896

Levels and vault maps discovered:
D:1:      minmay_arrival_five_plusses, layout_basic
D:2:      layout_basic, uniq_terence
D:3:      layout_rooms, shapermc_ecumenical_altar_gd,
          minmay_fractal_squares_gapless_5
D:4:      layout_loops_corners, kennysheep_pointless_box
D:5:      layout_layer_cave
D:6:      layout_basic, minmay_temple_entry_drinking_statues, uniq_blork_the_orc
D:7:      layout_basic, amcnicky_altar_gilded, uniq_duvessa
D:8:      layout_cave_pods, nicolae_ossuary_entry_catacombs, serial_shops,
          kennysheep_mini, shop, nicolae_shop_crystal, nicolae_stop_n_shop_1
D:9:      minmay_the_grid_triangle_9x9_rhombus_thin
          [minmay_the_grid_triangle_9x9_intruding_spiral,
          minmay_the_grid_triangle_9x9_prize_top_heavy,
          minmay_the_grid_triangle_9x9_windchime,
          minmay_the_grid_triangle_9x9_semitri], layout_basic,
          david_lair_generic, orc_0_dummy, hangedman_weighted_door,
          minmay_circle_x
D:10:     layout_big_octagon, serial_bayou_lagoon_b
D:11:     layout_basic, portal_ice_cave_rime, gauntlet_entry_generic,
          minivault_8
Gauntlet: gammafunk_gauntlet_hard_choice [gammafunk_gauntlet_arena_arrow_garden,
          nicolae_gauntlet_swirl, nicolae_gauntlet_arena_t_cross,
          gammafunk_gauntlet_arena_spirals, gammafunk_gauntlet_arena_teeth,
          gammafunk_gauntlet_arena_grid, gauntlet_exit_green]

Notes
Turn   | Place    | Note
-------+----------+-------------------------------------------
     0 | D:1      | Sobieck the Kobold Berserker began the quest for the Orb.
     0 | D:1      | Reached XP level 1. HP: 14/14 MP: 1/1
   192 | D:1      | Reached XP level 2. HP: 19/19 MP: 2/2
   248 | D:1      | Reached skill level 5 in Short Blades
   394 | D:1      | Reached XP level 3. HP: 23/23 MP: 3/3
   946 | D:2      | Reached skill level 6 in Short Blades
  1078 | D:2      | Reached XP level 4. HP: 28/28 MP: 4/4
  1285 | D:2      | Noticed Terence
  1293 | D:2      | Killed Terence
  1294 | D:2      | Reached skill level 7 in Short Blades
  1424 | D:2      | Reached XP level 5. HP: 30/32 MP: 5/5
  1578 | D:2      | Reached ** piety under Trog
  2340 | D:3      | Found a faded altar of an unknown god.
  2356 | D:3      | Reached skill level 8 in Short Blades
  3065 | D:3      | Reached XP level 6. HP: 37/37 MP: 6/6
  3144 | D:4      | Noticed a black bear
  3149 | D:4      | Killed a black bear
  3150 | D:4      | Reached skill level 3 in Dodging
  3150 | D:4      | Reached skill level 2 in Stealth
  3881 | D:4      | Reached skill level 4 in Fighting
  4163 | D:5      | Entered Level 5 of the Dungeon
  4735 | D:5      | Reached *** piety under Trog
  4902 | D:5      | Noticed an ice beast
  4914 | D:5      | Reached skill level 3 in Stealth
  4914 | D:5      | Reached XP level 7. HP: 34/43 MP: 7/7
  4929 | D:5      | Reached skill level 4 in Dodging
  5122 | D:5      | You pick up a book of Conjurations {forbidden@e2} and begin
                  | reading...
  5122 | D:5      | You add the spells Magic Dart, Searing Ray and Fulminant
                  | Prism to your library.
  5682 | D:6      | Noticed a wraith
  5698 | D:6      | Killed a wraith
  5699 | D:6      | Reached skill level 5 in Fighting
  5699 | D:6      | Reached skill level 4 in Stealth
  5818 | D:6      | Found a staircase to the Ecumenical Temple.
  5819 | D:6      | Noticed Blork the orc
  5830 | D:6      | Killed Blork the orc
  5831 | D:6      | Reached skill level 5 in Dodging
  5831 | D:6      | Reached skill level 5 in Stealth
  5831 | D:6      | Reached XP level 8. HP: 49/49 MP: 8/8
  6361 | D:6      | Reached skill level 2 in Armour
  6679 | D:7      | Reached skill level 3 in Armour
  6679 | D:7      | Reached skill level 6 in Dodging
  6717 | D:7      | Reached skill level 7 in Dodging
  6852 | D:7      | Found a sparkling altar of Nemelex Xobeh.
  7085 | D:7      | Identified the +0 robe "Anekir" {*Slow rN++ Stlth+}
  7323 | D:7      | Reached skill level 6 in Fighting
  7373 | D:7      | Noticed Duvessa
  7384 | D:7      | Killed Duvessa
  7385 | D:7      | Reached XP level 9. HP: 56/56 MP: 9/9
  7816 | D:8      | Noticed a two-headed ogre
  7828 | D:8      | Killed a two-headed ogre
  7829 | D:8      | Reached skill level 7 in Fighting
  7829 | D:8      | Reached skill level 9 in Short Blades
  7874 | D:8      | Found Dymeno's Weapon Emporium.
  7906 | D:8      | Reached skill level 8 in Fighting
  7920 | D:8      | Found Parotul's Antique Armour Emporium.
  7932 | D:8      | Reached skill level 10 in Short Blades
  7943 | D:8      | Bought a pair of glowing gloves for 225 gold pieces
  7968 | D:8      | Found Gyacky's Magic Scroll Shoppe.
  8056 | D:8      | Found a sand-covered staircase.
  8071 | Ossuary  | Entered an ossuary
  8216 | Ossuary  | Reached **** piety under Trog
  8406 | Ossuary  | Reached skill level 4 in Armour
  8406 | Ossuary  | Reached skill level 8 in Dodging
  8557 | D:8      | Reached XP level 10. HP: 63/64 MP: 10/10
  8760 | D:8      | Found Kala's Magic Scroll Shop.
  9207 | D:8      | Noticed a two-headed ogre
  9224 | D:8      | Killed a two-headed ogre
  9225 | D:8      | Reached skill level 5 in Armour
  9225 | D:8      | Reached skill level 9 in Dodging
  9225 | D:8      | Reached skill level 7 in Stealth
  9554 | D:9      | Reached skill level 8 in Stealth
  9601 | D:9      | Reached skill level 9 in Stealth
  9695 | D:9      | Noticed an elephant
  9709 | D:9      | Killed an elephant
  9710 | D:9      | Reached skill level 10 in Stealth
  9982 | D:9      | Noticed a spectral unseen horror
 10039 | D:9      | Killed a spectral unseen horror
 10040 | D:9      | Reached skill level 9 in Fighting
 10040 | D:9      | Reached XP level 11. HP: 71/71 MP: 11/11
 10134 | D:9      | Found a staircase to the Orcish Mines.
 10263 | D:9      | Reached skill level 10 in Fighting
 10660 | D:9      | Reached skill level 10 in Dodging
 10704 | D:9      | Noticed a purple ugly thing
 10704 | D:9      | Noticed a tengu warrior
 10708 | D:9      | Noticed a purple ugly thing
 10712 | D:9      | Noticed a two-headed ogre
 10723 | D:9      | Noticed a two-headed ogre
 10728 | D:9      | Killed a purple ugly thing
 10729 | D:9      | Reached skill level 6 in Armour
 10760 | D:9      | Killed a two-headed ogre
 10814 | D:9      | Found a staircase to the Lair.
 10928 | D:9      | Killed a purple ugly thing
 11045 | D:9      | Noticed a red ugly thing
 11076 | D:9      | Killed a red ugly thing
 11129 | D:9      | Noticed a cyclops
 11146 | D:9      | Killed a cyclops
 11147 | D:9      | Reached skill level 7 in Armour
 11147 | D:9      | Reached skill level 11 in Dodging
 11216 | D:9      | Killed a tengu warrior
 11410 | D:9      | You pick up a book of Party Tricks {forbidden} and begin
                  | reading...
 11410 | D:9      | You add the spells Apportation and Alistair's Intoxication
                  | to your library.
 11544 | D:10     | Entered Level 10 of the Dungeon
 11832 | D:9      | Reached XP level 12. HP: 79/79 MP: 12/12
 11884 | D:9      | Reached skill level 11 in Fighting
 12067 | D:9      | Reached skill level 12 in Fighting
 12089 | D:9      | Reached skill level 1 in Evocations
 12094 | D:9      | Reached skill level 2 in Evocations
 12450 | D:10     | You add the spells Olgreb's Toxic Radiance, Ozocubu's
                  | Refrigeration and Ignition to your library.
 12768 | D:11     | Found a frozen archway.
 12791 | D:11     | Reached skill level 3 in Evocations
 12792 | D:11     | Reached skill level 4 in Evocations
 12831 | D:11     | Reached skill level 5 in Evocations
 12894 | D:11     | Reached skill level 11 in Stealth
 12908 | D:11     | Identified the +9 trident of Isafrin {speed, Fly rC- Int+8
                  | Dex+4}
 12928 | D:11     | Found a gate leading to a gauntlet.
 12933 | Gauntlet | Entered a Gauntlet
 12943 | Gauntlet | Found a transporter.
 12943 | Gauntlet | Found a transporter.
 12959 | Gauntlet | Found a transporter.
 12988 | Gauntlet | Found a transporter.
 12995 | Gauntlet | Found a transporter.
 13015 | Gauntlet | Found a transporter.
 13065 | Gauntlet | Found a transporter.
 13087 | Gauntlet | Found a transporter.
 13087 | Gauntlet | Found a transporter.
 13130 | Gauntlet | Noticed a sixfirhy
 13145 | Gauntlet | Found a transporter.
 13145 | Gauntlet | Found a transporter.
 13145 | Gauntlet | Noticed a dire elephant
 13162 | Gauntlet | Found a transporter.
 13270 | Gauntlet | Identified the +0 cloak of the Spider Nest {Dex+6}
 13380 | Gauntlet | Reached skill level 12 in Stealth
 13396 | Gauntlet | Identified the +2 helmet of Ixah {Str-5 Dex+4 SInv}
 13414 | Gauntlet | Noticed a minotaur
 13414 | Gauntlet | a minotaur comes into view. It is wielding a +0 arbalest of
                  | flaming and wearing the amulet of the Air {Inacc Air Fly
                  | rElec RMsl}.
 13429 | Gauntlet | HP: 18/81 [minotaur/staff of conjuration (24)]
 13430 | Gauntlet | Slain by a minotaur

Vanquished Creatures
  3 two-headed ogres
  A tengu warrior (D:9)
  3 ugly things (D:9)
  A cyclops (D:9)
  An elephant (D:9)
  A spectral unseen horror (D:9)
  An unseen horror (D:10)
  2 rime drakes (D:11)
  An unseen horror skeleton (D:9)
  4 trolls (D:9)
  4 hornets
  A wolf spider simulacrum (Gauntlet)
  3 wyverns (D:9)
  22 yaks
  A shadow (D:10)
  2 vampires (D:9)
  2 basilisks (D:9)
  2 wraiths
  2 steam dragons
  2 swamp worms (Gauntlet)
  A harpy simulacrum (Gauntlet)
  Duvessa (D:7)
  A water moccasin (D:8)
  3 orc warriors
  2 ice beasts
  A sky beast (D:7)
  2 black bears
  A boggart (D:9)
  2 centaurs
  Blork the orc (D:6)
  A kobold brigand (D:9)
  A bullfrog (D:9)
  2 elf zombies (Ossuary)
  A scorpion (D:6)
  A wyvern zombie (D:9)
  A gnoll sergeant (D:9)
  A wight (D:9)
  5 killer bees (D:8)
  4 electric eels (D:10)
  6 howler monkeys
  3 centaur zombies
  3 human zombies
  2 orc priests (D:8)
  A gnoll shaman (D:6)
  2 iguanas (D:5)
  Terence (D:2)
  4 human skeletons (D:8)
  6 orc wizards
  3 centaur simulacra
  2 mummies (Ossuary)
  A howler monkey zombie (D:9)
  7 gnolls
  13 adders
  A shadow imp (D:8)
  A white imp (D:6)
  An ufetubus (D:6)
  An adder zombie (Ossuary)
  5 dart slugs
  25 orcs
  5 ball pythons
  7 bats
  8 endoplasms
  5 giant cockroaches
  10 goblins
  4 hobgoblins
  19 jackals
  2 quokkas
  3 frilled lizards
  9 hobgoblin zombies (Ossuary)
  8 kobolds
  10 kobold zombies (Ossuary)
  9 orc zombies
  9 rats
  2 rat zombies (Ossuary)
289 creatures vanquished.

Vanquished Creatures (others)
  2 fungi (D:9)
  17 plants
19 creatures vanquished.

Grand Total: 308 creatures vanquished

Table legend:
 A = Non-vault XP
 B = Vault XP
 C = Vault XP percentage of total XP
 D = Non-vault monster count
 E = Vault monster count
 F = Vault count percentage of total count
                 A         B        C        D         E       F
            +---------+---------+-------+---------+---------+-------
      Total |   10938 |   12118 |  52.6 |     197 |      92 |  31.8
            +---------+---------+-------+---------+---------+-------
        D:1 |      54 |       0 |   0.0 |      30 |       0 |   0.0
        D:2 |      86 |      36 |  29.5 |      21 |       1 |   4.5
        D:3 |      89 |       4 |   4.3 |      23 |       2 |   8.0
        D:4 |     186 |       0 |   0.0 |      15 |       0 |   0.0
        D:5 |     265 |       0 |   0.0 |      15 |       0 |   0.0
        D:6 |     450 |     100 |  18.2 |      16 |       1 |   5.9
        D:7 |     687 |     145 |  17.4 |      16 |       1 |   5.9
        D:8 |    2496 |     188 |   7.0 |      18 |       6 |  25.0
        D:9 |    3595 |    8405 |  70.0 |      26 |      32 |  55.2
       D:10 |    1212 |       0 |   0.0 |       8 |       0 |   0.0
       D:11 |    1818 |     708 |  28.0 |       9 |       2 |  18.2
    Ossuary |       0 |     435 | 100.0 |       0 |      38 | 100.0
   Gauntlet |       0 |    2097 | 100.0 |       0 |       9 | 100.0
            +---------+---------+-------+---------+---------+-------

Illustrated notes

Table legend:
 A = Kills in this place as a percentage of kills in entire the game.
 B = Kills by you in this place as a percentage of kills by you in the entire game.
 C = Kills by friends in this place as a percentage of kills by friends in the entire game.
 D = Other kills in this place as a percentage of other kills in the entire game.
 E = Experience gained in this place as a percentage of experience gained in the entire game.
 F = Experience gained in this place divided by the number of levels of this place that you have seen.
                   A       B       C       D       E      F
               +-------+-------+-------+-------+-------+----------------------
         Total | 100.0 | 100.0 |   N/A |   N/A | 100.0 | 1773.5
       Dungeon |  83.7 |  83.7 |   N/A |   N/A |  89.0 | 1865.8
       Ossuary |  13.1 |  13.1 |   N/A |   N/A |   1.9 | 435.0
      Gauntlet |   3.1 |   3.1 |   N/A |   N/A |   9.1 | 2097.0
               +-------+-------+-------+-------+-------+----------------------

Table legend: (Time is in decaauts)
 A = Elapsed time spent in this place.
 B = Non-inter-level travel time spent in this place.
 C = Inter-level travel time spent in this place.
 D = Time resting spent in this place.
 E = Time spent auto-exploring this place.
 F = Levels seen in this place.
 G = Mean time per level.
                   A        B        C        D        E       F      G
               +--------+--------+--------+--------+--------+-----+--------+
         Total |  13060 |  12872 |    188 |   1418 |   8055 |  13 | 1004.6 |
       Dungeon |  12194 |  12006 |    188 |   1374 |   8020 |  11 | 1108.5 |
       Ossuary |    395 |    395 |      0 |     34 |     35 |   1 |  395.0 |
      Gauntlet |    471 |    471 |      0 |      8 |      0 |   1 |  471.0 |
               +--------+--------+--------+--------+--------+-----+--------+

Top non-repeatable levels by time:
     D:9: 2040 daAuts
     D:5: 1479 daAuts
     D:7: 1230 daAuts
     D:8: 1224 daAuts
     D:2: 1143 daAuts
     D:3: 1092 daAuts
     D:4: 1018 daAuts
    D:10: 998 daAuts
     D:1: 946 daAuts
     D:6: 892 daAuts
Gauntlet: 471 daAuts
 Ossuary: 395 daAuts
    D:11: 127 daAuts
